 Dungeon Crawl Stone Soup version 0.28.0-45-g0d030f2227 (webtiles) character file.

Game seed: 15950812253651658912

9489 4FPSwarrior the Covert (level 11, -1/53 HPs)
             Began as a Felid Summoner on Apr 4, 2022.
             Was a High Priest of Fedhas.
             Killed from afar by a swamp worm (11 damage)
             ... with a harpoon shot
             ... on level 3 of the Lair of Beasts on Apr 7, 2022.
             The game lasted 01:40:54 (23430 turns).

4FPSwarrior the Covert (Felid Summoner)            Turns: 23430, Time: 01:40:54

Health: -1/53      AC:  2    Str:  8    XL:     11   Next: 23%
Magic:  0/30       EV: 25    Int: 16    God:    Fedhas [*****.]
Gold:   538        SH:  8    Dex: 18    Spells: 1/22 levels left
                                        Lives:  0   Deaths: 3

rFire   . . .      SeeInvis +     - Unarmed
rCold   . . .      Faith    .   (shield unavailable)
rNeg    . . .      Spirit   +   (armour unavailable)
rPois   .          Reflect  .   (helmet unavailable)
rElec   .          Harm     .   (cloak unavailable)
rCorr   +          Rampage  .   (gloves unavailable)
Will    +....                   (boots unavailable)
Stlth   +++++.....              x - brooch of Shielding {Spirit SH+8}
HPRegen 0.17/turn               d - ring of magical power
MPRegen 0.22/turn               l - ring of resist corrosion

@: confusing by touch, quick
A: very small, claws 1, fangs 3, see invisible, speed 1, shaggy fur 2, stealthy
paws, no weapons or thrown items, no armour, multi-lived
a: Renounce Religion, Wall of Briars, Grow Ballistomycete, Overgrow, Grow Oklob


You were on level 3 of the Lair of Beasts.
You worshipped Fedhas.
Fedhas was extremely pleased with you.
You visited 4 branches of the dungeon, and saw 16 of its levels.

You collected 712 gold pieces.
You spent 174 gold pieces at shops.

Inventory:

Jewellery
 d - a ring of magical power (left paw)
 l - a ring of resist corrosion (right paw)
 x - the brooch of Shielding (around neck) {Spirit SH+8}
   (You found it on level 10 of the Dungeon)

   [amulet of guardian spirit]

   It causes incoming damage to be divided between your reserves of health and
   magic.
   SH:        It affects your SH (+8).
 z - a +6 ring of intelligence
 B - an amulet of magic regeneration
Wands
 j - a wand of acid (6)
 m - a wand of flame (41)
 r - a wand of iceblast (8)
 t - a wand of paralysis (12)
 E - a wand of mindburst (7)
Scrolls
 a - a scroll of blinking {unknown}
 e - 2 scrolls of enchant armour {unknown}
 h - 4 scrolls of fog
 i - 2 scrolls of immolation {unknown}
 k - 2 scrolls of vulnerability
 o - a scroll of fear {unknown}
 p - a scroll of amnesia
 u - 4 scrolls of magic mapping
 y - a scroll of torment {unknown}
 C - 2 scrolls of noise {unknown}
 D - a scroll of teleportation
Potions
 b - 3 potions of flight
 c - 4 potions of lignification
 f - a potion of heal wounds
 g - 4 potions of might
 n - 3 potions of curing
 q - 4 potions of mutation
 s - a potion of brilliance
 w - a potion of berserk rage {unknown}
 A - 3 potions of magic {unknown}
 F - a potion of invisibility
Miscellaneous
 v - a condenser vane


   Skills:
 * Level 9.2 Fighting
 * Level 10.9 Dodging
 * Level 12.0 Stealth
 + Level 6.0 Unarmed Combat
 + Level 6.1 Spellcasting
 * Level 9.9 Hexes
 + Level 8.6 Summonings
 + Level 1.6 Transmutations
 + Level 3.6 Air Magic
 + Level 4.5 Invocations
 + Level 5.9 Evocations


You had one spell level left.
You knew the following spells:

 Your Spells              Type           Power      Damage    Failure   Level
a - Summon Small Mammal   Summ           100%       N/A       1%          1
b - Call Imp              Summ           32%        N/A       1%          2
c - Call Canine Familiar  Summ           32%        N/A       1%          3
d - Summon Lightning Spi  Summ/Air       24%        N/A       11%         4
e - Confusing Touch       Hex            36%        N/A       1%          3
f - Summon Guardian Gole  Hex/Summ       34%        N/A       1%          3
g - Yara's Violent Unrav  Hex/Tmut       11%        3d6       34%         5

Your spell library contained the following spells:

 Spells                   Type           Power      Damage    Failure   Level
 Apportation              Tloc           8%         N/A       14%         1
 Foxfire                  Conj/Fire      16%        2x1d4     14%         1
 Magic Dart               Conj           16%        1d3       14%         1
 Cause Fear               Hex            18%        N/A       2%          4
 Inner Flame              Hex/Fire       20%        N/A       5%          3
 Fulminant Prism          Conj/Hex       10%        3d9       17%         4
 Mephitic Cloud           Conj/Pois/Air  8%         N/A       26%         3
 Ignite Poison            Fire/Tmut/Pois 6%         N/A       32%         3
 Conjure Flame            Conj/Fire      4%         6-21      38%         3
 Flame Wave               Conj/Fire      4%         2d5       80%         4
 Iskenderun's Mystic Bla  Conj/Tloc      4%         2d3       80%         4
 Sticky Flame             Conj/Fire      4%         2d3       80%         4
 Enfeeble                 Hex            18%        N/A       88%         7
 Alistair's Intoxication  Tmut/Pois      4%         N/A       95%         5
 Lee's Rapid Deconstruct  Erth           2%         3d5*      98%         5
 Dragon Form              Tmut           5%         N/A       100%        7
 Dragon's Call            Summ           16%        N/A       100%        9


Dungeon Overview and Level Annotations

Branches:
Dungeon (11/15)            Temple (1/1) D:5            Lair (3/6) D:11
  Swamp (0/4) Lair:2        Snake (0/4) Lair:2          Orc (1/2) D:9

Altars:
Ashenzari
Cheibriados
Dithmenos
Elyvilon
Fedhas
Gozag
Hepliaklqana
Kikubaaqudgha
Makhleb
Nemelex Xobeh
Okawaru
Qazlal
Ru
Sif Muna
Trog
Uskayaw
Vehumet
Wu Jian
Xom
Yredelemnul
Zin
The Shining One

Shops:
D:2 ?   D:3 *   D:5 =   D:9 :   D:11 *

Annotations:
D:3 1 runed translucent door, Mitsuki's ghost, amateur DECj
D:11 4 exclusions


Innate Abilities, Weirdness & Mutations

You have sharp claws.
You have razor-sharp teeth.
You have supernaturally acute eyesight. (SInv)
You cover ground quickly. (Speed+)
You are covered in thick fur. (AC +2)
Your paws help you pounce on unaware monsters.
You are incapable of wielding weapons or throwing items.
You cannot wear armour.
You gain extra lives every three experience levels.


Message History

Your crimson imp blinks!
You barely miss the swamp worm.
The swamp worm is severely wounded.
The swamp worm bites you!
You barely miss the swamp worm. Your bite misses the swamp worm.
The swamp worm is severely wounded.
The swamp worm bites you.
You barely miss the swamp worm.
The swamp worm is severely wounded.
Your hound bites the swamp worm.
Your crimson imp blinks!
The swamp worm bites you!
* * * LOW HITPOINT WARNING * * *
Your hound bites the swamp worm.
The swamp worm fires a harpoon shot at you.
The harpoon shot hits you.
* * * LOW HITPOINT WARNING * * *
You are yanked forward by the harpoon shot.
Your hound bites the swamp worm but does no damage.
You feel much better. The swamp worm bites you.
Your hound closely misses the swamp worm.
You barely miss the swamp worm.
The swamp worm is severely wounded.
Your hound barely misses the swamp worm.
The swamp worm bites you!
Your hound bites the swamp worm.
The swamp worm fires a harpoon shot at you.
The harpoon shot hits you!
* * * LOW HITPOINT WARNING * * *
You are yanked forward by the harpoon shot.
Your hound bites the swamp worm.
You catch the helpless swamp worm completely off-guard!
You scratch the swamp worm but do no damage.
The swamp worm is almost dead.
The swamp worm completely misses you.
Your hound closely misses the swamp worm.
The swamp worm fires a harpoon shot at you.
The harpoon shot hits you!
You die...
Fedhas appreciates your contribution to the ecosystem.

#....##........#.........
##................$......
#....###....#...........
##..### #..#.##..........
#†.## #..####..5$...... #..#
##..###.......... ##.÷###
###.###...........
###.....###....##...........
#........÷....@#............
##..#.####.....h.†.#........
#P...# ###.†.w...#........
##...## ###....##.#......
#....# ##.......#........
##..## #.........#.......
#.#..## #................
###...###.....##......
#....##...P..##......


You could see a swamp worm (ally target) and a friendly hound (summoned).

Vanquished Creatures
  A cyclops (D:11)
  3 elephants
  2 black mambas
  A cane toad (Lair:3)
  A torpor snail (Lair:3)
  A gargoyle (D:10)
  A rime drake (Lair:2)
  A troll (D:11)
  A polar bear (Lair:3)
  A slime creature (D:11)
  A wyvern (D:7)
  24 yaks
  A basilisk (D:11)
  A vampire mosquito (D:10)
  A steam dragon (shapeshifter) (D:11)
  Menkaure (D:6)
  A steam dragon (D:8)
  5 water moccasins
  2 swamp drakes
  A sky beast (D:5)
  6 orc warriors
  4 wolves (Lair:2)
  7 centaurs
  2 bullfrogs
  5 killer bees
  An electric eel (Lair:2)
  A howler monkey (D:8)
  3 centaur zombies
  A bullfrog skeleton (D:6)
  A centaur skeleton (D:5)
  A jelly (D:8)
  5 orc priests
  A gnoll shaman (D:10)
  A hound (D:7)
  3 iguanas
  5 orc wizards
  2 hell rats (Lair:2)
  A hound skeleton (D:4)
  5 gnolls
  2 adders (D:4)
  A shadow imp (D:5)
  A white imp (D:8)
  An ufetubus (D:5)
  A worm (D:6)
  A dart slug (D:5)
  14 orcs
  An endoplasm (D:2)
  2 giant cockroaches (D:2)
  3 goblins
  2 hobgoblins (D:3)
  4 jackals
  A kobold (D:2)
  3 ball pythons
  2 frilled lizards (D:3)
  3 rats
148 creatures vanquished.

Vanquished Creatures (collateral kills)
  A boulder beetle (Lair:3)
  Urug (D:11)
  An elephant (Lair:3)
  An unseen horror (D:10)
  A komodo dragon (Lair:3)
  A dream sheep (Lair:2)
  2 yaks
  A wyvern (D:10)
  A steam dragon (D:6)
  2 vampire mosquitoes (D:10)
  An acid dragon (D:8)
  3 orc warriors
  2 black bears
  An ogre (D:4)
  A wolf (Lair:3)
  4 centaurs
  2 phantoms (D:4)
  2 scorpions
  A killer bee (D:9)
  2 howler monkeys
  2 bullfrog zombies (D:5)
  2 centaur zombies
  4 orc priests
  A centaur skeleton (D:5)
  A gnoll shaman (D:3)
  2 iguanas
  3 hell rats
  6 orc wizards
  7 gnolls
  6 adders
  An ufetubus (D:4)
  2 worms
  21 orcs
  2 bats
  6 endoplasms
  2 giant cockroaches (D:1)
  4 hobgoblins
  2 jackals (D:1)
  A nameless horror (D:4)
  A quokka (D:2)
  6 ball pythons
  2 frilled lizards (D:1)
  4 goblins
  8 kobolds
  A quokka skeleton (D:2)
  3 rats (D:1)
131 creatures vanquished.

Vanquished Creatures (others)
  Harold (D:8)
  2 hydras
  A two-headed ogre (D:8)
  Pikel (D:6)
  An elephant (Lair:2)
  A black mamba (Lair:1)
  Maggie (D:6)
  A cane toad (Lair:1)
  A freezing wraith (D:11)
  2 komodo dragons
  A polar bear (Lair:3)
  A troll (D:10)
  8 yaks
  A naga (Lair:2)
  A water moccasin (Lair:1)
  3 wolves
  4 lemures (D:6)
  20 fungi
  66 plants
117 creatures vanquished.

Grand Total: 396 creatures vanquished

Notes
Turn   | Place    | Note
-------+----------+-------------------------------------------
     0 | D:1      | 4FPSwarrior the Felid Summoner began the quest for the Orb.
     0 | D:1      | Reached XP level 1. HP: 7/7 MP: 4/4
   165 | D:1      | Reached skill level 1 in Fighting
   396 | D:1      | Reached XP level 2. HP: 12/12 MP: 3/6
   450 | D:1      | Learned a level 2 spell: Call Imp
   732 | D:1      | Found a faded altar of an unknown god.
  1348 | D:1      | Reached skill level 3 in Stealth
  1842 | D:2      | Reached XP level 3. HP: 15/15 MP: 4/7
  1932 | D:2      | Found a radiant altar of Vehumet.
  2030 | D:2      | Found Ykot Gaotoa's Magic Scroll Emporium.
  2667 | D:2      | Bought a scroll of identify for 28 gold pieces
  2836 | D:2      | Reached XP level 4. HP: 18/19 MP: 8/8
  3261 | D:3      | Found Zevi's Assorted Antiques.
  3378 | D:3      | Bought a viscous cyan potion for 18 gold pieces
  3869 | D:3      | Reached skill level 1 in Unarmed Combat
  3919 | D:3      | Found a runed translucent door.
  3934 | D:3      | Noticed a bullfrog
  3935 | D:3      | Noticed Mitsuki's ghost (amateur DECj)
  4509 | D:4      | Noticed a yak
  4509 | D:4      | Noticed a yak
  4528 | D:4      | Learned a level 3 spell: Call Canine Familiar
  4530 | D:4      | Noticed an ogre
  4709 | D:3      | Reached XP level 5. HP: 16/23 MP: 9/9
  5050 | D:4      | Noticed a yak
  5133 | D:4      | Noticed a black bear
  5523 | D:4      | Reached skill level 5 in Summonings
  5530 | D:4      | Noticed a phantom
  5571 | D:4      | Killed a phantom
  5572 | D:4      | Reached skill level 4 in Stealth
  5572 | D:4      | Gained mutation: You are covered in thick fur. (AC +2)
                  | [Felid growth]
  5572 | D:4      | Reached XP level 6. HP: 19/28 MP: 11/11
  5996 | D:4      | Noticed a yak
  5998 | D:4      | Noticed a yak
  5999 | D:4      | Noticed a yak
  6054 | D:4      | Killed a yak
  6055 | D:4      | Reached XP level 7. HP: 22/31 MP: 6/12
  6411 | D:5      | Entered Level 5 of the Dungeon
  6723 | D:5      | Learned a level 4 spell: Summon Lightning Spire
  6963 | D:5      | Reached skill level 5 in Stealth
  7008 | D:5      | Found Lytyott's Jewellery Boutique.
  7091 | D:5      | Reached skill level 1 in Evocations
  7091 | D:5      | Reached XP level 8. HP: 36/36 MP: 14/14
  7236 | D:4      | Reached skill level 1 in Air Magic
  7750 | D:5      | Found a staircase to the Ecumenical Temple.
  7761 | Temple   | Entered the Ecumenical Temple
  8032 | Temple   | Became a worshipper of Fedhas Madash
  8176 | D:6      | Noticed Menkaure
  8179 | D:6      | Killed Menkaure
  8180 | D:6      | Reached skill level 5 in Dodging
  8251 | D:6      | Reached skill level 5 in Fighting
  8399 | D:6      | Noticed Maggie
  9274 | D:7      | Reached skill level 6 in Stealth
  9322 | D:7      | Found an ancient bone altar of Kikubaaqudgha.
  9366 | D:7      | Reached XP level 9. HP: 40/40 MP: 16/16
  9685 | D:8      | Noticed a two-headed ogre
  9749 | D:8      | Learned a level 3 spell: Confusing Touch
 10033 | D:8      | Reached skill level 1 in Hexes
 10419 | D:7      | Reached * piety under Fedhas
 10680 | D:8      | Reached skill level 7 in Stealth
 10850 | D:8      | Noticed Harold
 10869 | D:8      | Identified the +6 flail of the Enchanted Forest {venom,
                  | Int+2}
 11866 | D:9      | Reached skill level 1 in Invocations
 12071 | D:9      | Reached XP level 10. HP: 10/46 MP: 1/17
 12457 | D:9      | Reached ** piety under Fedhas
 12904 | D:9      | Found Bukaag's Book Emporium.
 13240 | D:10     | Entered Level 10 of the Dungeon
 13266 | D:9      | Reached skill level 8 in Stealth
 13276 | D:9      | Killed from afar by an orc priest
 13277 | D:9      | Reached XP level 9. HP: -2/42 MP: 0/25
 13931 | D:10     | Reached skill level 5 in Hexes
 14193 | D:10     | Found the brooch of Shielding {Spirit SH+8}
 15217 | D:10     | Noticed an unseen horror
 15233 | D:10     | Killed an unseen horror
 15234 | D:10     | Reached XP level 10. HP: 22/47 MP: 6/18
 15237 | D:10     | Reached skill level 5 in Spellcasting
 15241 | D:10     | Learned a level 3 spell: Summon Guardian Golem
 15410 | D:10     | Noticed a gargoyle
 15423 | D:10     | Killed a gargoyle
 15424 | D:10     | Reached skill level 9 in Stealth
 15872 | D:9      | Reached *** piety under Fedhas
 16042 | D:9      | Found a staircase to the Orcish Mines.
 17004 | D:2      | Bought a scroll of identify for 28 gold pieces
 17004 | D:2      | Bought a scroll of identify for 28 gold pieces
 17043 | D:3      | Bought 2 scrolls labelled SYLE SECHELUSS for 40 gold pieces
 17118 | D:6      | Killed Maggie
 17400 | D:6      | Noticed Pikel
 17495 | D:6      | Killed Pikel
 17878 | D:8      | Killed Harold
 17891 | D:8      | Killed a two-headed ogre
 17892 | D:8      | Reached skill level 5 in Unarmed Combat
 18136 | D:11     | Found Tyaw's Assorted Antiques.
 18149 | D:11     | Reached XP level 11. HP: 51/51 MP: 19/19
 18164 | D:11     | Reached skill level 10 in Stealth
 18166 | D:11     | Bought a scroll labelled UZOULU GAIQEPS for 32 gold pieces
 18508 | D:11     | Noticed Urug
 18769 | D:11     | Found a staircase to the Lair.
 18808 | D:10     | Reached **** piety under Fedhas
 19019 | D:11     | Noticed a wizard
 19103 | Orc:1    | Entered Level 1 of the Orcish Mines
 19103 | Orc:1    | Noticed an orc high priest
 19218 | D:11     | Reached skill level 5 in Evocations
 19368 | D:11     | Killed Urug
 19520 | D:11     | Noticed a wizard
 19641 | D:11     | Noticed a four-headed hydra
 19650 | D:11     | Killed a four-headed hydra
 19738 | D:11     | Noticed a centaur warrior
 19789 | D:11     | Shot with an arrow by a centaur warrior
 19790 | D:11     | Reached XP level 10. HP: -16/49 MP: 0/28
 19815 | Lair:1   | Entered Level 1 of the Lair of Beasts
 19897 | Lair:1   | Noticed a black mamba
 19913 | Lair:1   | Killed a black mamba
 20092 | Lair:1   | Noticed a black mamba
 20097 | Lair:1   | Killed a black mamba
 20154 | Lair:1   | Reached skill level 11 in Stealth
 20156 | Lair:1   | Reached skill level 10 in Dodging
 20163 | Lair:1   | Reached XP level 11. HP: 34/52 MP: 10/20
 20490 | Lair:1   | Noticed a four-headed hydra
 20515 | Lair:1   | Killed a four-headed hydra
 21182 | Lair:2   | Found a staircase to the Snake Pit.
 21274 | Lair:2   | Learned a level 5 spell: Yara's Violent Unravelling
 21371 | Lair:2   | Found a staircase to the Swamp.
 22156 | Lair:3   | Noticed a four-headed hydra
 22924 | Lair:3   | Slain by a four-headed hydra
 22925 | Lair:3   | Reached XP level 10. HP: -4/49 MP: 0/28
 22946 | Lair:3   | Noticed a black mamba
 22947 | Lair:3   | Noticed a cane toad
 22953 | Lair:3   | Killed a black mamba
 22954 | Lair:3   | Reached skill level 1 in Transmutations
 22955 | Lair:3   | Killed a cane toad
 22988 | Lair:3   | Reached ***** piety under Fedhas
 22989 | Lair:3   | Killed an elephant
 22998 | Lair:3   | Noticed a boulder beetle
 23014 | Lair:3   | HP: 2/49 [boulder beetle (41)]
 23022 | Lair:3   | Killed a boulder beetle
 23023 | Lair:3   | Reached XP level 11. HP: 25/53 MP: 2/21
 23406 | Lair:3   | Reached skill level 12 in Stealth
 23430 | Lair:3   | Killed from afar by a swamp worm

Illustrated notes

Levels and vault maps discovered:
D:1:      psy_arrival_spokes, layout_basic,
          shapermc_ecumenical_altar_mp_highgroup, kennysheep_small_spiral
D:2:      minmay_angry_zag, layout_loops_ring, serial_shops, shop, basic_altar
D:3:      layout_basic, serial_shops, nicolae_shop_crystal,
          ebering_ghost_sewer_d, nicolae_concentric_dashed_squares_mild
D:4:      layout_basic, minmay_cut_off
D:5:      layout_cave_pools, minmay_temple_entry_glassed_door, serial_shops,
          shop_statue
D:6:      layout_basic, cheibrodos_sewer_entry_bend, uniq_menkaure, uniq_maggie,
          uniq_pikel
D:7:      layout_layer_cave, old_standard_altar
D:8:      layout_rooms, uniq_harold
D:9:      layout_roguey, erik_orc_1, serial_shops, shop_fountains,
          hangedman_decor_peaks_small, kennysheep_decorative_pillar,
          wad_floor_pattern_untrapped
D:10:     layout_long_grid
D:11:     nzn_winding_woodlands_large [nzn_winding_woodlands_hourglass,
          nzn_winding_woodlands_5x15_pathside_ponds,
          nzn_winding_woodlands_5x5_open_star,
          nzn_winding_woodlands_center_diamonds,
          nzn_winding_woodlands_15x15_five_gardens,
          nzn_winding_woodlands_center_pierced_h,
          nzn_winding_woodlands_5x5_checkerboard,
          nzn_winding_woodlands_5x15_sawtooth,
          nzn_winding_woodlands_5x5_default], layout_irregular_city,
          david_lair_generic, serial_shops, shop_statue, uniq_urug
Temple:   nicolae_temple_the_god_donut
Lair:1:   layout_roguey, serial_forest, infiniplex_forest_clump_curved,
          infiniplex_forest_end_double, infiniplex_forest_straight_2,
          infiniplex_forest_pool, infiniplex_forest_lined_3,
          infiniplex_forest_lined_3, infiniplex_forest_lined_corner
Lair:2:   layout_hall_layers, minmay_swamp_entry_reptiles,
          guppyfry_snake_entry_island, fungi_pond_lemuel
Lair:3:   layout_layer_cave, worms_lemuel, lemuel_fruit_fields, uniq_gastronok
Orc:1:    layout_caves, serial_shops, shop

Skill      XL: |  1  2  3  4  5  6  7  8  9 10 11 |
---------------+----------------------------------+-----
Fighting       | 1 2 3 4 5 7 9 |  9.2
Stealth        | 3 4 5 6 7 11 12 | 12.0
Dodging        | 3 4 5 7 10 9 | 10.9
Unarmed Combat | 1 2 3 4 5 6 |  6.0
Summonings     | 5 6 7 8 |  8.6
Spellcasting   | 3 4 6 |  6.1
Evocations     | 1 2 4 5 |  5.9
Air Magic      | 2 3 |  3.6
Hexes          | 5 7 9 |  9.9
Invocations    | 2 3 4 |  4.5
Transmutations | 1 |  1.6

Action                   |  1- 3 |  4- 6 |  7- 9 | 10-12 || total
-------------------------+-------+-------+-------+-------++-------
Melee: Unarmed           |    38 |    76 |   311 |   374 ||   799
       Bite              |     2 |     4 |    52 |    60 ||   118
       Punch             |       |     3 |     8 |    23 ||    34
 Cast: Summon Small Mamm |    23 |     3 |     4 |       ||    30
       Call Imp          |    25 |    35 |    86 |    42 ||   188
       Call Canine Famil |       |    15 |    69 |    38 ||   122
       Confusing Touch   |       |       |    24 |    59 ||    83
       Summon Guardian G |       |       |       |    50 ||    50
       Summon Lightning  |       |       |       |     5 ||     5
Invok: Wall of Briars    |       |       |       |     1 ||     1
Evoke: Wand              |       |       |     9 |     7 ||    16
       Condenser vane    |       |       |     1 |       ||     1
  Use: Scroll            |     2 |     1 |    12 |     7 ||    22
       Potion            |       |       |     4 |     3 ||     7
 Stab: Sleeping          |     8 |     7 |     9 |     9 ||    33
       Distracted        |       |     1 |     3 |     6 ||    10
       Invisible         |       |       |     1 |       ||     1
       Confused          |       |       |    13 |    32 ||    45
Armor: Skin              |     4 |     5 |    14 |    12 ||    35
Dodge: Dodged            |    46 |    63 |   336 |   340 ||   785
Block: Other             |       |       |       |   105 ||   105
